 Dungeon Crawl Stone Soup version 0.28.0 (webtiles) character file.

Game seed: 16409462694231483779

35 GordonOverkill the Magician (level 3, 0/24 HPs)
             Began as a Mummy Enchanter on Feb 16, 2022.
             Killed from afar by Sigmund (6 damage)
             ... with a magic dart
             ... on level 2 of the Dungeon.
             The game lasted 00:04:06 (3366 turns).

GordonOverkill the Magician (Mummy Enchanter)       Turns: 3366, Time: 00:04:07

Health: 0/24       AC:  2    Str: 13    XL:     3   Next: 17%
Magic:  1/7        EV: 12    Int: 14    God:
Gold:   43         SH:  0    Dex: 12    Spells: 0/8 levels left

rFire   x . .      SeeInvis .   a - +1 dagger
rCold   + . .      Faith    .   (no shield)
rNeg    + + +      Spirit   .   b - +0 robe
rPois   ∞          Reflect  .   (no helmet)
rElec   .          Harm     .   (no cloak)
rCorr   .          Rampage  .   (no gloves)
Will    .....                   (no boots)
Stlth   ++........              (no amulet)
HPRegen 0.08/turn               (no ring)
MPRegen 0.10/turn               (no ring)

@: no status effects
A: cold resistance 1, negative energy resistance 3, torment resistance 2, heat
vulnerability 1, no potions
a: no special abilities


You were on level 2 of the Dungeon.
You visited 1 branch of the dungeon, and saw 2 of its levels.

You collected 131 gold pieces.
You spent 88 gold pieces at shops.

Inventory:

Hand Weapons
 a - a +1 dagger (weapon)
Armour
 b - a +0 robe (worn)
Jewellery
 e - a +4 ring of slaying
 g - a ring of wizardry
Scrolls
 c - 2 scrolls of identify
 d - a scroll of immolation
 f - a scroll of blinking
 h - a scroll of fear {unknown}
 i - a scroll of enchant weapon {unknown}
 j - a scroll of vulnerability {unknown}


   Skills:
 + Level 1.2 Short Blades
 - Level 1.5 Dodging
 + Level 2.7 Stealth
 + Level 3.1 Spellcasting
 + Level 3.0 Hexes
 + Level 0.8 Ice Magic


You couldn't memorise any spells.
You knew the following spells:

 Your Spells              Type           Power      Damage    Failure   Level
a - Ensorcelled Hibernat  Hex/Ice        14%        N/A       14%         2
b - Confusing Touch       Hex            10%        N/A       19%         3
c - Tukima's Dance        Hex            10%        N/A       19%         3

Your spell library contained the following spells:

 Spells                   Type           Power      Damage    Failure   Level
 Dazzling Flash           Conj/Hex       12%        N/A       34%         3
 Hailstorm                Conj/Ice       3%         3d3       87%         4
 Simulacrum               Ice/Necr       1%         N/A       100%        6
 Ice Form                 Ice/Tmut       Unusable   N/A       N/A         4

Dungeon Overview and Level Annotations

Branches:
Dungeon (2/15)

Altars:
Xom

Shops:
D:2 *

Annotations:
D:2 Sigmund


Innate Abilities, Weirdness & Mutations

You are immune to poison.
Your flesh is cold resistant. (rC+)
You are immune to negative energy. (rN+++)
You are immune to unholy pain and torment.
You are vulnerable to heat. (rF-)
You do not drink.


Message History

You miscast Tukima's Dance.
You are very lightly contaminated with residual magic.
Nothing appears to happen.
Casting: Tukima's Dance (extremely dangerous; 19% risk of failure)
Confirm with . or Enter, or press ? or * to list all spells.
The spell is extremely dangerous to miscast (19% risk of failure)!
Continue anyway? [Y]es or [N]o only, please.
The spell is extremely dangerous to miscast (19% risk of failure)!
Continue anyway?
Aiming: Tukima's Dance (extremely dangerous; 19% risk of failure)
Press: ? - help, Shift-Dir - straight line, f/p - Sigmund
Aim: Sigmund, wielding a +0 scythe and wearing a +0 robe (chance to affect: 52%) Sigmund resists with significant effort.
Sigmund laughs darkly.
Sigmund casts a spell at you. The magic dart hits you!
* * * LOW HITPOINT WARNING * * *
Your magical contamination has completely faded away.
Sigmund casts a spell at you.
You are confused.
You can't drink.
You bump into the rock wall.
You bump into the rock wall.
Sigmund hits you from afar with a +0 scythe.
* * * LOW HITPOINT WARNING * * *
You feel less confused. Sigmund gestures at you while chanting.
The magic dart hits you!
* * * LOW HITPOINT WARNING * * *
Casting: Tukima's Dance (extremely dangerous; 19% risk of failure)
Confirm with . or Enter, or press ? or * to list all spells.
The spell is extremely dangerous to miscast (19% risk of failure)!
Continue anyway? [Y]es or [N]o only, please.
The spell is extremely dangerous to miscast (19% risk of failure)!
Continue anyway?
Aiming: Tukima's Dance (extremely dangerous; 19% risk of failure)
Press: ? - help, Shift-Dir - straight line, f/p - Sigmund
Aim: Sigmund, wielding a +0 scythe and wearing a +0 robe (chance to affect: 52%)
The +0 scythe dances into the air!
Sigmund gestures at you while chanting. The magic dart hits you.
You die...

.#♣PP#.PPP##..##.##.# #.#
##♣P......##..##.##.#####.#
'#♣......PP#...(...>......#
##♣.......######.##.#######
# ♣...§...♣ #.##.# #
♣......≈♣ #.##.#####.# #
♣P..÷..P♣#####.##.......# #
♣P.÷.÷.PP#'....##########
#P.###PP♣#####@# #P#...PP♣
#.# ♣P#...#P# #.# ♣P#.P#♣#
#@# ♣♣...♣ #.# ♣♣♣#♣ #(#
#.# #.# #.#


You could see Sigmund (ally target) and a friendly +0 scythe.

Vanquished Creatures
  4 ball pythons
  A bat (D:1)
  2 endoplasms (D:1)
  A giant cockroach (D:1)
  3 goblins (D:1)
  2 hobgoblins
  2 quokkas (D:1)
  2 frilled lizards (D:1)
  11 kobolds
  6 rats
34 creatures vanquished.

Vanquished Creatures (others)
  10 plants (D:2)
10 creatures vanquished.

Grand Total: 44 creatures vanquished

Notes
Turn   | Place    | Note
-------+----------+-------------------------------------------
     0 | D:1      | GordonOverkill the Mummy Enchanter began the quest for the
                  | Orb.
     0 | D:1      | Reached XP level 1. HP: 13/13 MP: 4/4
   498 | D:1      | Reached skill level 1 in Short Blades
   512 | D:1      | Reached XP level 2. HP: 19/19 MP: 5/5
   991 | D:1      | Learned a level 2 spell: Ensorcelled Hibernation
  2071 | D:1      | Reached XP level 3. HP: 7/24 MP: 1/7
  2596 | D:2      | Learned a level 3 spell: Confusing Touch
  2600 | D:2      | Learned a level 3 spell: Tukima's Dance
  2872 | D:2      | Noticed Sigmund
  3035 | D:2      | Found a shimmering altar of Xom.
  3062 | D:2      | Found a faded altar of an unknown god.
  3119 | D:2      | Found Livang's Assorted Antiques.
  3168 | D:2      | Bought a scroll labelled YWOESTRU PECW for 22 gold pieces
  3168 | D:2      | Bought a scroll labelled UMOIMI ULUUDIEQARGH for 22 gold
                  | pieces
  3168 | D:2      | Bought a scroll labelled INIUTRUNUXU for 22 gold pieces
  3168 | D:2      | Bought a scroll labelled ONEOTI EKAXEZE for 22 gold pieces
  3366 | D:2      | Killed from afar by Sigmund

Illustrated notes

Levels and vault maps discovered:
D:1:      amcnicky_arrival_blooded_trapdoor, layout_loops_cross
D:2:      layout_basic, serial_shops, shop, dilly_ecumenical_altar_fadedgnrine,
          basic_altar, lexackson_kobold_supper, uniq_natasha, uniq_sigmund

Skill      XL: |  1  2  3 |
---------------+----------+-----
Short Blades   | 1 |  1.2
Spellcasting   | 3 |  3.1
Hexes          | 3 |  3.0
Dodging        | |  1.5
Stealth        | |  2.7
Ice Magic      | |  0.8

Action                   || total
-------------------------++-------
Melee: Dagger            ||    77
       Punch             ||     1
 Cast: Ensorcelled Hiber ||    25
       Tukima's Dance    ||     2
  Use: Scroll            ||     3
 Stab: Sleeping          ||    15
Armor: Robe              ||    17
Dodge: Dodged            ||    65
